[Event "*** Titled Tuesday Blitz"]
[Site "Chess.com"]
[Date "2019.11.05"]
[Round "2"]
[White "Godzillator"]
[Black "pedromartinez91"]
[Result "1-0"]
[WhiteElo "2303"]
[BlackElo "2500"]
[TimeControl "180+2"]
[EndTime "13:19:45 PST"]
[Termination "Godzillator won by resignation"]

1. d4 Nf6 2. c4 g6 3. Nc3 Bg7 4. e4 O-O 5. Be2 c6 6. e5 Ne8 7. f4 d6 8. Nf3 Bg4 9. Be3 Na6 10. O-O dxe5 11. dxe5 Nec7 12. a3 Ne6 13. h3 Bxf3 14. Bxf3 Bh6 15. g3 f6 16. exf6 exf6 17. Ne4 Rf7 18. Qxd8+ Rxd8 19. Rad1 Rfd7 20. Rxd7 Rxd7 21.
Nxf6+ Kf7 22. Nxd7 Bg7 23. Ne5+ Ke8 24. Bg4 Nec7 25. Bxa7 h5 26. Bd7+ Ke7 27. Bc8 1-0

[Event "*** Titled Tuesday Blitz"]
[Site "Chess.com"]
[Date "2019.11.05"]
[Round "2"]
[White "bubacik"]
[Black "Torrentec"]
[Result "1-0"]
[WhiteElo "2675"]
[BlackElo "2354"]
[TimeControl "180+2"]
[EndTime "13:19:59 PST"]
[Termination "bubacik won by resignation"]

1. Nf3 d5 2. d4 Nf6 3. Bf4 c5 4. e3 Nc6 5. Nc3 a6 6. dxc5 e6 7. Na4 Be7 8. a3 O-O 9. Nb6 Ra7 10. b4 Nd7 11. Nxc8 Qxc8 12. Be2 Bf6 13. Rb1 Bc3+ 14. Nd2 e5 15. Bg3 d4 16. O-O Nf6 17. Nc4 Qe6 18. Nb6 Ne7 19. Bc4 Qf5 20. e4 Qxe4 21. Bd3 Qc6 22.
Bxe5 Ned5 23. Nxd5 Nxd5 24. Qg4 f6 25. Bxd4 h5 26. Qxh5 Bxd4 27. Bh7+ Kh8 28. Bg6+ 1-0

[Event "*** Titled Tuesday Blitz"]
[Site "Chess.com"]
[Date "2019.11.05"]
[Round "2"]
[White "bilelou"]
[Black "Gordima"]
[Result "0-1"]
[WhiteElo "2551"]
[BlackElo "2794"]
[TimeControl "180+2"]
[EndTime "13:20:06 PST"]
[Termination "Gordima won by resignation"]

1. e4 c6 2. d4 d5 3. e5 Bf5 4. h4 Qb6 5. g4 Bd7 6. h5 e6 7. f4 c5 8. Nf3 Nc6 9. c3 Nh6 10. Bh3 Rc8 11. g5 Nf5 12. Bxf5 exf5 13. Rh2 cxd4 14. cxd4 Nxd4 15. Nxd4 Rxc1 16. Qxc1 Qxd4 17.
Kf1 Bc5 18. Kg2 Qf2+ 19. Kh1 Qf3+ 20. Rg2 Qxh5+ 21. Rh2 Qf3+ 22. Rg2 Be3 23. Qe1 d4 24. Qg3 Qh5+ 0-1

[Event "*** Titled Tuesday Blitz"]
[Site "Chess.com"]
[Date "2019.11.05"]
[Round "2"]
[White "eldur16"]
[Black "Cruel_Yaro"]
[Result "0-1"]
[WhiteElo "2599"]
[BlackElo "2867"]
[TimeControl "180+2"]
[EndTime "13:20:12 PST"]
[Termination "Cruel_Yaro won by resignation"]

1. c4 Nf6 2. Nf3 g6 3. Nc3 d5 4.
cxd5 Nxd5 5. e4 Nxc3 6. dxc3 Qxd1+ 7. Kxd1 f6 8. Be3 e5 9. Nd2 Nd7 10. Bc4 Bc5 11. Bxc5 Nxc5 12. f3 Ke7 13. Kc2 h5 14. h4 a5 15. b4 Na4 16. Nb3 Nb6 17. Be2 axb4 18. cxb4 Be6 19. a3 Nd7 20. Na5 Rhb8 21. Kb2 c5 22. Rhd1 Rc8 23. Rac1 b6 24. Nb7 cxb4 25. axb4 Ra2+ 0-1

[Event "*** Titled Tuesday Blitz"]
[Site "Chess.com"]
[Date "2019.11.05"]
[Round "2"]
[White "GrandGlacier"]
[Black "Barcelona_Guy"]
[Result "0-1"]
[WhiteElo "2524"]
[BlackElo "2748"]
[TimeControl "180+2"]
[EndTime "13:20:23 PST"]
[Termination "Barcelona_Guy won by resignation"]

1. e4 e5 2. Nf3 Nc6 3. Bb5 a6 4. Ba4 Nf6 5. O-O Nxe4 6. d4 b5 7. Bb3 d5 8. dxe5 Be6 9. Nbd2 Nc5 10. c3 Be7 11. Re1 O-O 12. Nd4 Nxd4 13. cxd4 Nd3 14. Re3 Nxc1 15. Rxc1 Rc8 16. Rec3 a5 17. a3 a4 18. Ba2 c5 19. dxc5 d4 20. Rg3 Bxa2 21. Qg4 g6 22. Ne4 Bd5 23. Rf3 Bxe4 24. Qxe4 Rxc5 25.
Rxc5 Bxc5 26. e6 Qe7 27. Qc6 Qxe6 28. Qxb5 Qe1+ 29. Qf1 Qxf1+ 30. Kxf1 Rb8 0-1

[Event "*** Titled Tuesday Blitz"]
[Site "Chess.com"]
[Date "2019.11.05"]
[Round "2"]
[White "severomorskij"]
[Black "Aygehovit1992"]
[Result "1-0"]
[WhiteElo "2857"]
[BlackElo "2589"]
[TimeControl "180+2"]
[EndTime "13:20:41 PST"]
[Termination "severomorskij won by resignation"]

1. d4 Nf6 2. c4 g6 3. f3 Bg7 4.
e4 O-O 5. Nc3 d6 6. Be3 b6 7.
Bd3 Nbd7 8. Nge2 c5 9. O-O e5 10.
d5 Ne8 11. Ng3 h5 12. Qd2 h4 13. Nge2 f5 14. f4 exf4 15. Nxf4 Ne5 16. Ne6 Bxe6 17. dxe6 Nc7 18. exf5 gxf5 19. Bg5 Qe8 20. e7 Rf7 21. Bxf5 Nxc4 22. Qe2 d5 23. Nxd5 Nxd5 24. Qxc4 Nxe7 25. Be6 1-0

[Event "*** Titled Tuesday Blitz"]
[Site "Chess.com"]
[Date "2019.11.05"]
[Round "2"]
[White "Eliwood44"]
[Black "Keaton87"]
[Result "1-0"]
[WhiteElo "2343"]
[BlackElo "2564"]
[TimeControl "180+2"]
[EndTime "13:20:41 PST"]
[Termination "Eliwood44 won by resignation"]

1. d4 Nf6 2. Nf3 g6 3. Nc3 d5 4. Bf4 Bg7 5. Nb5 Na6 6. e3 O-O 7. h3 c6 8. Nc3 Nc7 9. Bd3 Ne6 10. Bh2 c5 11. O-O cxd4 12. exd4 Qb6 13. Na4 Qa5 14. c3 Bd7 15. Bc2 Ne4 16. Ne5 Bxe5 17. Bxe5 b5 18. Bxe4 dxe4 19. Nc5 Nxc5 20. dxc5 Rad8 21. b4 Qa3 22. Qe1 Bf5 23. Qe3 f6 24. Bh2 Rd3 25. Qf4 Qxc3 26. Qc7 Rd7 27. Qa5 e3 28. fxe3 Qxe3+ 29. Kh1 Rd2 30. Bf4 Qd3 31. Bxd2 Qxd2 32. Rad1 Qc2 33. Qxb5 Be4 34. Rg1 Qc3 35. Kh2 Qe5+ 36. Kh1 Qg3 37. Qc4+ 1-0

[Event "*** Titled Tuesday Blitz"]
[Site "Chess.com"]
[Date "2019.11.05"]
[Round "2"]
[White "JakubPulpan"]
[Black "Knight8700"]
[Result "1/2-1/2"]
[WhiteElo "2712"]
[BlackElo "2436"]
[TimeControl "180+2"]
[EndTime "13:20:46 PST"]
[Termination "Game drawn by agreement"]

1. e4 e5 2. Nf3 Nc6 3. Bb5 a6 4. Ba4 Nf6 5. O-O Nxe4 6. d4 b5 7. Bb3 d5 8. dxe5 Be6 9. Re1 Bc5 10. Be3 O-O 11. c3 Bxe3 12. Rxe3 Kh8 13. Nbd2 Nc5 14.
Bc2 d4 15. cxd4 Nxd4 16. Nxd4 Qxd4 17. Ne4 Qxd1+ 18. Rxd1 Nxe4 19. Bxe4 Rad8 20. Red3 Rxd3 21. Rxd3 Bxa2 22. Ra3 Rd8 23. h3 Bb1 24. Bxb1 Rd1+ 25. Kh2 Rxb1 26. Rxa6 g6 27. Ra7 Rxb2 28. Rxc7 Rxf2 29.
Rb7 Kg7 30. e6 Rf6 1/2-1/2

[Event "*** Titled Tuesday Blitz"]
[Site "Chess.com"]
[Date "2019.11.05"]
[Round "2"]
[White "misha_melnichuk"]
[Black "Guenplen"]
[Result "0-1"]
[WhiteElo "2534"]
[BlackElo "2988"]
[TimeControl "180+2"]
[EndTime "13:21:09 PST"]
[Termination "Guenplen won by resignation"]

1. Nf3 d5 2. g3 Nf6 3. Bg2 e6 4. O-O Be7 5. d4 O-O 6. c4 Nbd7 7. b3 dxc4 8. bxc4 c5 9. Bb2 cxd4 10. Nxd4 Qc7 11. Nd2 a6 12. a4 Ne5 13. Qb3 Bd7 14. Rab1 Nc6 15. Nxc6 Bxc6 16. Bxc6 bxc6 17. Bxf6 gxf6 18.
Qb7 Rfc8 19. Nf3 a5 20. Rfd1 Bb4 21. Rd7 Qxb7 22. Rxb7 Rd8 23. e3 c5 24. Kf1 Rd3 25.
Rd1 Rxd1+ 0-1

[Event "*** Titled Tuesday Blitz"]
[Site "Chess.com"]
[Date "2019.11.05"]
[Round "2"]
[White "Feegus"]
[Black "chessasuke"]
[Result "1-0"]
[WhiteElo "2359"]
[BlackElo "2608"]
[TimeControl "180+2"]
[EndTime "13:21:20 PST"]
[Termination "Feegus won by resignation"]

1. Nf3 e6 2. g3 b6 3. Bg2 Bb7 4.
O-O Nf6 5. d3 c5 6. Nbd2 Be7 7.
e4 d6 8. c3 O-O 9. a4 Nc6 10.
Re1 Nd7 11. Nc4 Re8 12. h4 h6 13. Bf4 Nf8 14. h5 Nh7 15. e5 dxe5 16. Nfxe5 Rc8 17.
Nxf7 Kxf7 18. Qg4 Nf8 19. Bxc6 Bxc6 20. Ne5+ Kg8 21. Bxh6 Bf6 22. Bxg7 Bxg7 23. h6 Qf6 24.
hxg7 Qxg7 25. Qh5 Ba8 26. a5 b5 27. Re3 Red8 28. Rae1 Rd5 29. Re4 Rxe5 30. Rxe5 Nh7 31. Rxe6 Nf6 32. Rxf6 Qxf6 33. Qg4+ Kh7 34. Qxc8 Qf3 35.
Re7+ 1-0

[Event "*** Titled Tuesday Blitz"]
[Site "Chess.com"]
[Date "2019.11.05"]
[Round "2"]
[White "Drags95"]
[Black "nocnypako"]
[Result "1-0"]
[WhiteElo "2775"]
[BlackElo "2545"]
[TimeControl "180+2"]
[EndTime "13:21:25 PST"]
[Termination "Drags95 won on time"]

1. d4 Nf6 2. c4 g6 3. Nf3 Bg7 4.
g3 d5 5. cxd5 Nxd5 6. Bg2 Nb6 7.
O-O Nc6 8. e3 O-O 9. Nc3 Re8 10.
a3 e6 11. b4 a5 12. b5 Ne7 13. a4 Nf5 14. Qb3 Nd6 15. Ne5 Bxe5 16. dxe5 Ndc4 17. f4 Qe7 18. Rd1 Kg7 19. Rd4 Qb4 20. Rb1 Qxb3 21. Rxb3 f6 22. exf6+ Kxf6 23. Ne4+ Ke7 24. Rc3 Rd8 25. Rcxc4 Nxc4 26. Rxc4 Rd1+ 27. Kf2 c6 28. Ba3+ 1-0

[Event "*** Titled Tuesday Blitz"]
[Site "Chess.com"]
[Date "2019.11.05"]
[Round "2"]
[White "pheonixking2000"]
[Black "gorgeous1083"]
[Result "1-0"]
[WhiteElo "2680"]
[BlackElo "1977"]
[TimeControl "180+2"]
[EndTime "13:21:46 PST"]
[Termination "pheonixking2000 won by checkmate"]

1. c4 Nf6 2. Nc3 e5 3. Nf3 e4 4. Ng5 d5 5. cxd5 Nxd5 6. Ngxe4 Nc6 7. d4 Bb4 8. a3 Be7 9. e3 O-O 10. Bd3 f5 11. Bc4 Be6 12. Nc5 Bxc5 13. dxc5 Nce7 14.
O-O c6 15. e4 fxe4 16. Nxe4 Qc7 17. Bg5 Nf5 18. Re1 Kh8 19. Ng3 Bg8 20. Qg4 Nxg3 21. hxg3 Qf7 22. Qd4 Qf5 23. Bd2 Rad8 24. Re5 Qc2 25.
Bxd5 Bxd5 26. Bc3 Bxg2 27. Re8 Rg8 28. Qxg7# 1-0

[Event "*** Titled Tuesday Blitz"]
[Site "Chess.com"]
[Date "2019.11.05"]
[Round "2"]
[White "jefferyx"]
[Black "Bathory44"]
[Result "1-0"]
[WhiteElo "2937"]
[BlackElo "2615"]
[TimeControl "180+2"]
[EndTime "13:21:51 PST"]
[Termination "jefferyx won by resignation"]

1. c4 Nf6 2. Nc3 g6 3. e4 d6 4. d4 Bg7 5. Be2 O-O 6. Be3 e5 7. d5 Na6 8. Nf3 Nc5 9. Nd2 a5 10. h4 c6 11. h5 gxh5 12. Bxc5 dxc5 13. Bxh5 a4 14. a3 Qa5 15. Qf3 Bd7 16. Qg3 b5 17. dxc6 Bxc6 18. Be2 Bxe4 19. Ndxe4 Nxe4 20. Qh4 Nf6 21. Kf1 h6 22. cxb5 Rfd8 23. Qg3 Kh8 24. Qxe5 Re8 25. Rxh6+ Bxh6 26. Qxf6+ Bg7 27. Qxf7 Rf8 28. Qh5+ Kg8 29. Bc4+ 1-0

[Event "*** Titled Tuesday Blitz"]
[Site "Chess.com"]
[Date "2019.11.05"]
[Round "2"]
[White "Ceejay271"]
[Black "CarlssonLudvig"]
[Result "1-0"]
[WhiteElo "2291"]
[BlackElo "2482"]
[TimeControl "180+2"]
[EndTime "13:21:51 PST"]
[Termination "Ceejay271 won by resignation"]

1. d4 e6 2. c4 f5 3. Nf3 Nf6 4. g3 c6 5. Bg2 d5 6. O-O Bd6 7. Nc3 O-O 8. Qc2 Ne4 9. Rb1 a5 10. a3 Nxc3 11. Qxc3 a4 12. Bf4 Bxf4 13. gxf4 Nd7 14.
e3 Kh8 15. Kh1 Nf6 16. Qc2 Bd7 17. Ne5 Qe7 18. c5 Ra7 19. Rg1 Be8 20. Bf3 Bh5 21.
Bxh5 Nxh5 22. Rg5 Nf6 23. Rbg1 Rg8 24. f3 Nd7 25. Nd3 Nf6 26. Qg2 Raa8 27. Ne5 Nd7 28.
Ng6+ 1-0

[Event "*** Titled Tuesday Blitz"]
[Site "Chess.com"]
[Date "2019.11.05"]
[Round "2"]
[White "Elshan1985"]
[Black "kingofthenil"]
[Result "0-1"]
[WhiteElo "2766"]
[BlackElo "2562"]
[TimeControl "180+2"]
[EndTime "13:21:52 PST"]
[Termination "kingofthenil won by resignation"]

1. d4 Nf6 2. c4 c5 3. d5 e6 4. Nc3 exd5 5. cxd5 d6 6. g3 g6 7. Bg2 Bg7 8. Nf3 O-O 9. O-O Re8 10. Bf4 h6 11. a4 g5 12. Bd2 Bf5 13. Ne1 Nbd7 14. Nc2 Ne5 15. e4 Bg6 16. Bc1 a6 17. Ne3 b5 18. axb5 axb5 19. Rxa8 Qxa8 20. Nxb5 Nxe4 21. Nc7 Qc8 22. Nxe8 Qxe8 23. Re1 c4 24. f3 Nc5 25. Nxc4 Qb5 26. Nxd6 Qb6 27. Nc4 Nxc4 28. Kh1 Nd3 29.
Re8+ Kh7 30. Qe2 Nf2+ 31. Kg1 Nh3+ 0-1

[Event "*** Titled Tuesday Blitz"]
[Site "Chess.com"]
[Date "2019.11.05"]
[Round "2"]
[White "semchik73"]
[Black "FearNoEvil12"]
[Result "1-0"]
[WhiteElo "2402"]
[BlackElo "1949"]
[TimeControl "180+2"]
[EndTime "13:22:08 PST"]
[Termination "semchik73 won by resignation"]

1. Nf3 b5 2. e3 a6 3. d4 Bb7 4.
c4 bxc4 5. Bxc4 e6 6. Nc3 Nf6 7. O-O d6 8. Qe2 Nbd7 9. e4 h6 10. e5 Ng8 11. exd6 cxd6 12. Bf4 Ngf6 13. Rfe1 Be7 14. Rac1 O-O 15. Bd3 Nb6 16. Ne4 Nbd5 17. Bg3 Qb6 18. a3 Rac8 19. Bb1 Rxc1 20. Rxc1 Rc8 21.
Rxc8+ Bxc8 22. Qc2 Bb7 23. b4 Nxe4 24. Qxe4 Nf6 25.
Qd3 Be4 26. Qd1 Bxb1 27. Qxb1 Qc6 28. h3 Qc3 29. a4 Nd5 30. b5 axb5 31. axb5 Qb4 32.
Qxb4 Nxb4 33. b6 Nc6 34. Nd2 Kf8 35. Nc4 Nxd4 36. Nxd6 Ne2+ 37. Kh2 Nxg3 38. Nc8 Bd8 39. Kxg3 Ke8 40. Nd6+ Ke7 41. Nc4 Kd7 42. Ne5+ Kc8 43. Nxf7 Bf6 44. Nd6+ Kb8 45. f4 Bd8 46. Nc4 Kb7 47.
Kg4 g6 48. h4 Bxb6 49. Nxb6 Kxb6 50. h5 gxh5+ 51. Kxh5 Kc5 52. Kxh6 Kd5 53. g4 Ke4 54. g5 Kxf4 55. g6 e5 56. g7 e4 57. g8=Q e3 58.
Qg1 Kf3 59. Qe1 e2 60. Kg5 Ke3 61. Kg4 1-0

[Event "*** Titled Tuesday Blitz"]
[Site "Chess.com"]
[Date "2019.11.05"]
[Round "2"]
[White "littleplotkin"]
[Black "Firouzja2003"]
[Result "0-1"]
[WhiteElo "2669"]
[BlackElo "3071"]
[TimeControl "180+2"]
[EndTime "13:22:19 PST"]
[Termination "Firouzja2003 won by checkmate"]

1. e4 e5 2. Nf3 Nc6 3. Bb5 a6 4. Ba4 Nf6 5. O-O Be7 6. Re1 b5 7.
Bb3 O-O 8. c3 d5 9. exd5 Nxd5 10.
h3 Bb7 11. d3 f6 12. d4 exd4 13. Nxd4 Nxd4 14. cxd4 Kh8 15. Nc3 Bb4 16. Bd2 Bxc3 17. Bxc3 Qd7 18. Qd2 Rfe8 19. Rxe8+ Rxe8 20. Re1 Rxe1+ 21. Qxe1 Nf4 22. f3 Bd5 23. Bc2 Bxa2 24. Qe4 Ng6 25.
Qa8+ Bg8 26. Qxa6 b4 27. Ba4 Qd8 28. Be1 Qxd4+ 29. Kh2 Qxb2 30. Bg3 b3 31. Bxc7 Qa2 32. Qb5 Nh4 33. Kg3 Qxg2+ 34. Kf4 Qxf3# 0-1

[Event "*** Titled Tuesday Blitz"]
[Site "Chess.com"]
[Date "2019.11.05"]
[Round "2"]
[White "Gabrielian_Artur"]
[Black "misha_chessone"]
[Result "1-0"]
[WhiteElo "2831"]
[BlackElo "2563"]
[TimeControl "180+2"]
[EndTime "13:22:19 PST"]
[Termination "Gabrielian_Artur won by checkmate"]

1. e4 e6 2. d4 d5 3. Nd2 c5 4. Ngf3 Nc6 5. Bb5 cxd4 6. Nxd4 Bd7 7. Nxc6 Bxc6 8. Bxc6+ bxc6 9. c4 Nf6 10. Qa4 Qd7 11.
e5 Ng8 12. O-O Bc5 13. Rd1 Ne7 14. Ne4 Bb6 15. Nd6+ Kf8 16. Bg5 Nc8 17. cxd5 exd5 18. Rxd5 Nxd6 19. Rxd6 Qf5 20. Qf4 Qxf4 21. Bxf4 Ke7 22.
Rad1 h6 23. Rd7+ Ke6 24. R1d6+ Kf5 25. Rxf7+ Ke4 26. Kf1 Bd4 27. Ke2 Bxe5 28. f3# 1-0

[Event "*** Titled Tuesday Blitz"]
[Site "Chess.com"]
[Date "2019.11.05"]
[Round "2"]
[White "moro182"]
[Black "BIG_Pirate"]
[Result "1-0"]
[WhiteElo "2722"]
[BlackElo "2418"]
[TimeControl "180+2"]
[EndTime "13:22:19 PST"]
[Termination "moro182 won on time"]

1. d4 d5 2. c4 c6 3. Nf3 Nf6 4.
e3 g6 5. b3 Bg7 6. Bb2 O-O 7.
Be2 a6 8. Nbd2 Nbd7 9. O-O c5 10. Rc1 b6 11. dxc5 Nxc5 12. b4 Ne6 13. c5 bxc5 14.
bxc5 Nc7 15. Nb3 Bg4 16. Ne5 Bxe2 17. Qxe2 Qc8 18. Rfd1 Rb8 19. Nc6 Qb7 20. Nxb8 Rxb8 21. c6 Qc8 22. Be5 e6 23. Qb2 Nfe8 24. Bxg7 Nxg7 25. Qe5 Nf5 26. Nc5 Rb5 27. Nd7 h5 28. a4 Rb4 29. e4 Rxe4 30. Nf6+ 1-0

[Event "*** Titled Tuesday Blitz"]
[Site "Chess.com"]
[Date "2019.11.05"]
[Round "2"]
[White "el-reptiliano"]
[Black "RainForestt"]
[Result "0-1"]
[WhiteElo "2290"]
[BlackElo "2524"]
[TimeControl "180+2"]
[EndTime "13:22:22 PST"]
[Termination "RainForestt won by resignation"]

1. Nf3 d5 2. e3 Nf6 3. c4 c6 4. Nc3 Bg4 5. cxd5 cxd5 6. Qb3 Nc6 7. Qxb7 Bd7 8. Qb3 Rb8 9. Qc2 e5 10. d4 exd4 11. Nxd4 Bd6 12. Bb5 Nxd4 13. Bxd7+ Qxd7 14. exd4 O-O 15. O-O Rfe8 16. h3 Qb7 17. g3 Ne4 18. Rb1 Qc7 19. Qd3 Nxc3 20. bxc3 Rxb1 21. Qxb1 Bxg3 22.
fxg3 Qxg3+ 23. Kh1 Qxh3+ 24. Kg1 Qg3+ 25. Kh1 Re2 0-1

[Event "*** Titled Tuesday Blitz"]
[Site "Chess.com"]
[Date "2019.11.05"]
[Round "2"]
[White "ExploringChess"]
[Black "DrRiebert"]
[Result "0-1"]
[WhiteElo "2710"]
[BlackElo "2393"]
[TimeControl "180+2"]
[EndTime "13:22:23 PST"]
[Termination "DrRiebert won by resignation"]

1. e4 c5 2. Nf3 Nc6 3. Bb5 g6 4. Bxc6 dxc6 5. h3 Bg7 6. d3 e5 7.
Be3 b6 8. Nc3 Qc7 9. Qd2 h6 10.
Nh2 g5 11. Ne2 Ne7 12. Ng3 Ng6 13. Nf5 Bxf5 14. exf5 Nf4 15. Bxf4 exf4 16. Qe2+ Kd7 17. O-O-O Rae8 18. Qg4 Bf6 19. h4 h5 20. Qf3 g4 21. Nxg4 hxg4 22. Qxg4 Qe5 23. c3 Reg8 24. Qf3 Rxh4 25. d4 cxd4 26. Rxd4+ Qxd4 27. Rxh4 Qd5 28. Qxd5+ cxd5 29. Rh2 Rg5 30. Kd2 Rxf5 31. Rh7 Ke6 32. Ke2 f3+ 33. gxf3 Re5+ 34. Kd2 Bg5+ 35.
Kd1 Bf6 36. a4 Rf5 37. Ke2 Rf4 38. a5 Rh4 39. Rxh4 Bxh4 40. axb6 axb6 41. Kd3 Bxf2 0-1

[Event "*** Titled Tuesday Blitz"]
[Site "Chess.com"]
[Date "2019.11.05"]
[Round "2"]
[White "SCIM"]
[Black "novocane"]
[Result "1-0"]
[WhiteElo "2458"]
[BlackElo "2177"]
[TimeControl "180+2"]
[EndTime "13:22:27 PST"]
[Termination "SCIM won by resignation"]

1. d4 Nf6 2. c4 e6 3. Nc3 Bb4 4. a3 Bxc3+ 5. bxc3 Nc6 6. f3 b6 7. e4 Ba6 8. Bd3 Na5 9. Qe2 c5 10. Bg5 h6 11. Bh4 g5 12. Bg3 Nh5 13. Be5 Nf4 14.
Bxf4 gxf4 15. Nh3 Qh4+ 16. Nf2 Rg8 17. O-O O-O-O 18. e5 Rg5 19. Ne4 Rdg8 20. Nxg5 hxg5 21. dxc5 g4 22. fxg4 bxc5 23. Rxf4 Nc6 24. Raf1 Bb7 25. Be4 Ne7 26. Bxb7+ Kxb7 27. Rxf7 Rxg4 28. Rxe7 1-0

[Event "*** Titled Tuesday Blitz"]
[Site "Chess.com"]
[Date "2019.11.05"]
[Round "2"]
[White "YQPerez"]
[Black "IMDT02"]
[Result "1-0"]
[WhiteElo "2863"]
[BlackElo "2599"]
[TimeControl "180+2"]
[EndTime "13:22:31 PST"]
[Termination "YQPerez won by resignation"]

1. e4 c5 2. Nc3 Nc6 3. Bb5 Nd4 4. Nf3 g6 5. Bc4 Bg7 6. Nxd4 cxd4 7. Qf3 e6 8. Nb5 d6 9. Qa3 Bf8 10. Nxd4 Nf6 11.
Bb5+ Bd7 12. Bxd7+ Qxd7 13. Qf3 Bg7 14. d3 O-O 15.
O-O d5 16. e5 Ne8 17. Re1 Rc8 18. c3 Nc7 19. h4 Nb5 20. Nxb5 Qxb5 21. h5 d4 22. c4 Qa5 23. Bf4 b5 24. b3 bxc4 25. bxc4 Rc5 26. Qg3 Rb8 27. Re2 Qc3 28. Rae1 Rb2 29. h6 Bf8 30. Qf3 Rxe2 31. Rxe2 Qa3 32. Qa8 Qxd3 33. Rd2 Qb1+ 34. Kh2 Qe4 35. Qxe4 1-0

[Event "*** Titled Tuesday Blitz"]
[Site "Chess.com"]
[Date "2019.11.05"]
[Round "2"]
[White "DACF2905"]
[Black "IvanRadivojevic"]
[Result "0-1"]
[WhiteElo "2189"]
[BlackElo "2473"]
[TimeControl "180+2"]
[EndTime "13:22:31 PST"]
[Termination "IvanRadivojevic won by resignation"]

1. e4 c6 2. d4 d5 3. Nc3 dxe4 4. Nxe4 Nf6 5. Nxf6+ gxf6 6. g3 Bf5 7. Bg2 e6 8. Bf4 Bg7 9. c3 O-O 10. Qd2 Nd7 11.
Ne2 Re8 12. Bh6 Bh8 13. h3 Qa5 14. O-O Rad8 15. g4 Bg6 16. Ng3 c5 17. Qf4 cxd4 18.
cxd4 Qb6 19. b3 e5 20. dxe5 fxe5 21. Qg5 Nc5 22. Rad1 Ne6 23. Qh4 Rxd1 24. Rxd1 Rd8 25. Rxd8+ Qxd8 26. g5 Nf4 27. Be4 Qd1+ 28. Kh2 Qe1 29.
Nf5 Bxf5 30. Bxf5 Ne2 31. Qg4 Qxf2+ 32. Kh1 Ng3+ 0-1

[Event "*** Titled Tuesday Blitz"]
[Site "Chess.com"]
[Date "2019.11.05"]
[Round "2"]
[White "Shield12"]
[Black "olksuna"]
[Result "1-0"]
[WhiteElo "2809"]
[BlackElo "2553"]
[TimeControl "180+2"]
[EndTime "13:22:32 PST"]
[Termination "Shield12 won by resignation"]

1. e4 c5 2. Nf3 Nc6 3. d4 cxd4 4. Nxd4 g6 5. c4 Bg7 6. Be3 Nf6 7. Nc3 Ng4 8. Qxg4 Nxd4 9. Qd1 e5 10. Bd3 d6 11.
O-O O-O 12. a4 Be6 13. a5 Rc8 14. Nd5 f5 15. Bxd4 exd4 16. exf5 Bxf5 17. Re1 Re8 18. Rxe8+ Qxe8 19. Bxf5 gxf5 20. Qd3 Qe6 21. Kf1 Rf8 22. Re1 Qh6 23. h3 f4 24. Qf3 Kh8 25. b3 Qg6 26.
Re4 Be5 27. Nb4 Bg7 28. Nd3 Rf5 29. b4 d5 30. cxd5 Rf8 31. Nxf4 Qd6 32. g3 Qxb4 33. Kg2 Qxa5 34. d6 Qc3 35. d7 Bf6 36. Re8 Qxf3+ 37. Kxf3 Kg8 38. Ne6 1-0

[Event "*** Titled Tuesday Blitz"]
[Site "Chess.com"]
[Date "2019.11.05"]
[Round "2"]
[White "csati17"]
[Black "mortngabriel"]
[Result "1-0"]
[WhiteElo "2529"]
[BlackElo "2300"]
[TimeControl "180+2"]
[EndTime "13:22:36 PST"]
[Termination "csati17 won on time"]

1. c4 Nf6 2. Nc3 e6 3. e4 d5 4. cxd5 exd5 5. e5 Ne4 6. Nf3 Bf5 7. d4 Nxc3 8. bxc3 Be7 9. Bb5+ c6 10. Bd3 Bg4 11.
h3 Bh5 12. Rb1 b5 13. e6 O-O 14. exf7+ Bxf7 15. O-O Nd7 16. Qc2 g6 17. Bh6 Re8 18. Rfe1 Bf8 19. Rxe8 Qxe8 20. Re1 Qd8 21. Bg5 Qc7 22.
Ne5 Nxe5 23. dxe5 Re8 24. f4 Be7 25. e6 Bxe6 26. Bxg6 Bc5+ 27. Kh1 Rf8 28. Rxe6 1-0

[Event "*** Titled Tuesday Blitz"]
[Site "Chess.com"]
[Date "2019.11.05"]
[Round "2"]
[White "Iyael"]
[Black "temus_galaktionov"]
[Result "0-1"]
[WhiteElo "2090"]
[BlackElo "2691"]
[TimeControl "180+2"]
[EndTime "13:22:37 PST"]
[Termination "temus_galaktionov won by resignation"]

1. e4 c6 2. d4 g6 3. Nc3 Bg7 4. Nf3 d6 5. h3 Nd7 6. Be3 e5 7.
a4 Ngf6 8. Bc4 Qe7 9. d5 c5 10.
O-O O-O 11. Qd2 Nh5 12. Bh6 f6 13. a5 f5 14. Bxg7 Kxg7 15. exf5 gxf5 16. Ra3 Kh8 17. Ne2 Ndf6 18. Qg5 Rg8 19. Qh4 Qg7 20. g3 Bd7 21. Nh2 Qg6 22. Rb3 Rab8 23. Re1 Rg7 24. Rc3 Rbg8 25. Kh1 Ne4 26. Rf3 Nhf6 27. Rg1 Qf7 28.
Bd3 Nd2 29. Re3 c4 30. Bxc4 Nxc4 31. Qxc4 Qxd5+ 32. Qxd5 Nxd5 33. Rd3 Bc6 34. f3 Rg6 35. Rf1 Nb4 36. Rc3 d5 37. Kg2 h5 38. h4 f4 39.
g4 hxg4 40. Nxg4 d4 41. Rxc6 Rxc6 42. Kf2 Rxc2 43. Nxe5 d3 0-1

[Event "*** Titled Tuesday Blitz"]
[Site "Chess.com"]
[Date "2019.11.05"]
[Round "2"]
[White "wonderfultime"]
[Black "sandropozo"]
[Result "1-0"]
[WhiteElo "2956"]
[BlackElo "2639"]
[TimeControl "180+2"]
[EndTime "13:22:38 PST"]
[Termination "wonderfultime won by resignation"]

1. d4 d5 2. Nf3 Nf6 3. Bf4 e6 4. e3 Bd6 5. Bg3 c5 6. c3 Qc7 7.
Nbd2 Nbd7 8. Bd3 O-O 9. Qe2 e5 10. dxe5 Nxe5 11. Nxe5 Bxe5 12. Nf3 Bxg3 13. hxg3 h6 14.
Qc2 Bg4 15. Bf5 Rfe8 16. Bxg4 Nxg4 17. O-O Rad8 18. Rad1 Nf6 19. Rd3 Re6 20. Rfd1 Rde8 21. c4 dxc4 22. Qxc4 Qc6 23. b3 b5 24. Qc2 Ne4 25. Rc1 Qb6 26. Rd5 a6 27. Qd3 Nxf2 28. Kxf2 Rxe3 29. Qxe3 Rxe3 30. Kxe3 c4+ 31. Rd4 cxb3 32.
axb3 Qe6+ 33. Kf2 Qxb3 34. Rc8+ Kh7 35. Rdd8 Qb2+ 36. Kg1 g5 37. Rd7 Kg7 38. Rcc7 Qa2 39. Kh2 b4 40. Ne5 Qe6 41. Rxf7+ 1-0

[Event "*** Titled Tuesday Blitz"]
[Site "Chess.com"]
[Date "2019.11.05"]
[Round "2"]
[White "boasovietica"]
[Black "Sjakkerntobi"]
[Result "1-0"]
[WhiteElo "2433"]
[BlackElo "2102"]
[TimeControl "180+2"]
[EndTime "13:22:38 PST"]
[Termination "boasovietica won by resignation"]

1. e4 c5 2. Nf3 e6 3. Nc3 Nc6 4. d4 cxd4 5. Nxd4 Qc7 6. Nb3 a6 7.
Bd3 Nf6 8. O-O Bd6 9. f4 e5 10.
f5 b5 11. Bg5 Qa7+ 12. Kh1 Be7 13. Bxf6 Bxf6 14. Nd5 Ne7 15. Nxf6+ gxf6 16. a4 b4 17. Bc4 Bb7 18. Qh5 d5 19. exd5 Bxd5 20. Bxd5 Nxd5 21. Rad1 Ne3 22. Qf3 Nxd1 23. Qc6+ Kf8 24. Rxd1 Rg8 25. Rd3 Re8 26. Nc5 Qe7 27. Rd7 Qxd7 28. Nxd7+ Ke7 29. Nxf6 Rd8 30. Nxg8+ Rxg8 31. f6+ Kd8 32. Qa8+ Kd7 33. Qxg8 Ke6 1-0

[Event "*** Titled Tuesday Blitz"]
[Site "Chess.com"]
[Date "2019.11.05"]
[Round "2"]
[White "imdarealist"]
[Black "Alex_Terzi"]
[Result "0-1"]
[WhiteElo "2228"]
[BlackElo "2497"]
[TimeControl "180+2"]
[EndTime "13:22:40 PST"]
[Termination "Alex_Terzi won by resignation"]

1. d4 Nf6 2. Bf4 g6 3. e3 Bg7 4. c3 O-O 5. Nf3 d6 6. h3 Nbd7 7. Bh2 c5 8. Bd3 b6 9. Qe2 Bb7 10. e4 Re8 11. O-O e5 12. Nbd2 Qe7 13. dxe5 dxe5 14. Bb5 a6 15. Ba4 b5 16. Bc2 Nh5 17.
a4 c4 18. b3 Nf4 19. Bxf4 exf4 20. Nd4 Bxd4 21. cxd4 c3 22. Nf3 Bxe4 23. Rfe1 Nf6 24. Ne5 Bxc2 25. Qxc2 Qc7 26. Rac1 b4 27. Qd3 Rad8 28.
Qxa6 Rxd4 29. Qxf6 Rd6 30. Qxf4 Rde6 31. Qc4 Qxc4 32.
bxc4 Rxe5 33. Red1 Rc5 34. Rd4 Ra8 0-1